 Dungeon Crawl Stone Soup version 0.30.0-19-g36f170ea60 (webtiles) character file.

Game seed: 2960036160107034142

987 PaiMei the Digger (level 8, -10/48 HPs)
             Began as a Gargoyle Earth Elementalist on May 30, 2023.
             Was an Initiate of the Shining One.
             Mangled by a two-headed ogre
             ... wielding a +0 giant club
              (19 damage)
             ... on level 5 of the Dungeon.
             The game lasted 00:17:05 (5305 turns).

PaiMei the Digger (Gargoyle Earth Elementalist)     Turns: 5305, Time: 00:17:05

Health: -10/48     AC: 10    Str: 11    XL:     8   Next: 18%
Magic:  10/14      EV: 12    Int: 19    God:    the Shining One [......]
Gold:   139        SH:  0    Dex: 10    Spells: 15/16 levels left

rFire   . . .        B - +3 flail
rCold   . . .        (no shield)
rNeg    + + .        a - +0 robe
rPois   ∞            (no helmet)
rElec   +            G - +0 cloak
rCorr   .            (no gloves)
SInv    .            x - +0 pair of boots
Will    .....        (no amulet)
Stlth   +            r - ring of positive energy
HPRegen 0.28/turn    (no ring)
MPRegen 0.14/turn

%: no passive effects
@: glowing
A: sickness immunity, AC +5, negative energy resistance 1, electricity
resistance, torment resistance 1, petrification resistance
a: Renounce Religion


You were on level 5 of the Dungeon.
You worshipped the Shining One.
The Shining One was noncommittal.
You visited 2 branches of the dungeon, and saw 6 of its levels.

You collected 188 gold pieces.
You spent 49 gold pieces at shops.

Inventory:

Hand Weapons
 v - a +0 short sword of electrocution
 B - a +3 flail (weapon)
Missiles
 f - 50 stones
 n - 5 boomerangs (quivered)
 z - 12 poisoned darts
 H - a throwing net
Armour
 a - a +0 robe (worn)
 x - a +0 pair of boots (worn)
 E - a +0 leather armour
 G - a +0 cloak (worn)
Jewellery
 r - a ring of positive energy (left hand)
 w - a ring of wizardry
Wands
 A - a wand of mindburst (18)
Scrolls
 c - a scroll of brand weapon {unknown}
 g - 2 scrolls of vulnerability {unknown}
 h - 4 scrolls of blinking
 i - 2 scrolls of enchant weapon {unknown}
 j - 3 scrolls of fog {unknown}
 o - 2 scrolls of noise {unknown}
 p - 5 scrolls of teleportation {unknown}
 q - a scroll of amnesia {unknown}
 s - a scroll of enchant armour {unknown}
 u - 3 scrolls of identify {unknown}
 y - 2 scrolls of immolation {unknown}
Potions
 b - a potion of magic
 d - 4 potions of curing {unknown}
 e - 3 potions of attraction {unknown}
 k - 2 potions of cancellation {unknown}
 l - 2 potions of heal wounds {unknown}
 m - 2 potions of degeneration {unknown}
 t - a potion of mutation {unknown}
 C - 3 potions of flight {unknown}
 D - a potion of ambrosia {unknown}
 F - a potion of might {unknown}
 I - a potion of brilliance {unknown}


   Skills:
 + Level 4.6 Fighting
 + Level 4.6 Armour
 - Level 1.7 Dodging
 - Level 2.4 Stealth
 + Level 4.5 Spellcasting
 - Level 1.0 Transmutations
 + Level 6.6 Earth Magic


You had 15 spell levels left.
You knew the following spells:

 Your Spells              Type           Power      Damage    Failure   Level
a - Sandblast             Erth           58%        2d13      1%          1

Your spell library contained the following spells:

 Spells                   Type           Power      Damage    Failure   Level
 Passwall                 Tmut/Erth      15%        N/A       4%          2
 Stone Arrow              Conj/Erth      32%        3d9       10%         3
 Petrify                  Tmut/Erth      18%        N/A       26%         4
 Ozocubu's Armour         Ice            4%         N/A       36%         3
 Ozocubu's Refrigeration  Ice            2%         4d7       100%        7


Dungeon Overview and Level Annotations

Branches:
Dungeon (5/15)             Temple (1/1) D:4

Altars:
Ashenzari
Dithmenos
Hepliaklqana
Kikubaaqudgha
Nemelex Xobeh
Okawaru
Sif Muna
Uskayaw
Wu Jian
Zin
The Shining One

Shops:
D:3 [


Innate Abilities, Weirdness & Mutations

You are immune to sickness and miasma.
Your stone body is resilient. (AC +5)
You are immune to poison.
You resist negative energy. (rN+)
You are resistant to electric shocks. (rElec)
You are resistant to unholy torment.
You are immune to petrification.


Message History

The blast of sand hits the two-headed ogre!
The two-headed ogre is moderately wounded.
The two-headed ogre barely misses you.
The two-headed ogre hits you with a +0 giant club!
Casting: Sandblast (safe; 1% risk of failure)
Confirm with . or Enter, or press ? or * to list all spells.
Aiming: Sandblast (safe; 1% risk of failure)
Press: ? - help, Shift-Dir - straight line, f/p - two-headed ogre
Aim: a two-headed ogre, wielding two +0 giant clubs (moderately wounded, haloed, 94% to hit)
The blast of sand hits the two-headed ogre.
The two-headed ogre is moderately wounded.
The two-headed ogre barely misses you.
The two-headed ogre hits you with a +0 giant club!!
Casting: Sandblast (safe; 1% risk of failure)
Confirm with . or Enter, or press ? or * to list all spells.
Aiming: Sandblast (safe; 1% risk of failure)
Press: ? - help, Shift-Dir - straight line, f/p - two-headed ogre
Aim: a two-headed ogre, wielding two +0 giant clubs (moderately wounded, haloed, 94% to hit)
The blast of sand hits the two-headed ogre!
The two-headed ogre is heavily wounded.
The two-headed ogre hits you with a +0 giant club!
* * * LOW HITPOINT WARNING * * *
The two-headed ogre closely misses you.
Casting: Sandblast (safe; 1% risk of failure)
Confirm with . or Enter, or press ? or * to list all spells.
Aiming: Sandblast (safe; 1% risk of failure)
Press: ? - help, Shift-Dir - straight line, f/p - two-headed ogre
Aim: a two-headed ogre, wielding two +0 giant clubs (heavily wounded, haloed, 94% to hit)
The blast of sand hits the two-headed ogre!
The two-headed ogre is severely wounded.
The two-headed ogre closely misses you. The two-headed ogre barely misses you.
Casting: Sandblast (safe; 1% risk of failure)
Confirm with . or Enter, or press ? or * to list all spells.
Aiming: Sandblast (safe; 1% risk of failure)
Press: ? - help, Shift-Dir - straight line, f/p - two-headed ogre
Aim: a two-headed ogre, wielding two +0 giant clubs (severely wounded, haloed, 94% to hit)
The blast of sand hits the two-headed ogre!
The two-headed ogre is almost dead.
The two-headed ogre hits you with a +0 giant club!!
You die...

.#≈≈.~.. #. #.# ####. '##≈~!.. ..
#######'#...##. ..###### .#
####...........#..
...#############'##...........#.#
##............................#.#
###..........................#.#
#..........................#.#
#.............O.<..........#.#
#.........###@###########....#
#......>..###.##### ###.####
#########.........# #...#
#.#..##.### #.### #.....#.#
#.#### ###.#.#.# #....#
#..[#.##### ####.# ###.........#
#.# #.....#.###.# #.###


You could see a two-headed ogre.

Vanquished Creatures
  A water moccasin (D:5)
  A black bear (D:5)
  A centaur (D:5)
  An ogre (D:5)
  A phantom (D:4)
  Blork the orc (D:4)
  2 scorpions
  A gnoll bouda (D:5)
  A jelly (D:5)
  An orc priest (D:5)
  A hound (D:5)
  2 iguanas (D:4)
  4 gnolls (D:5)
  7 adders
  2 worms (D:2)
  2 dart slugs
  10 orcs
  6 ball pythons
  10 bats
  3 endoplasms
  2 giant cockroaches
  7 goblins
  10 hobgoblins
  4 jackals (D:4)
  8 kobolds
  A frilled lizard (D:1)
  4 rats
94 creatures vanquished.

Notes
Turn   | Place    | Note
-------+----------+-------------------------------------------
     0 | D:1      | PaiMei the Gargoyle Earth Elementalist began the quest for
                  | the Orb.
     0 | D:1      | Reached XP level 1. HP: 10/10 MP: 3/3
   226 | D:1      | Reached skill level 1 in Transmutations
   226 | D:1      | Reached XP level 2. HP: 14/15 MP: 5/5
   940 | D:1      | Reached skill level 4 in Earth Magic
   942 | D:1      | Reached XP level 3. HP: 10/20 MP: 6/6
  1261 | D:2      | Reached skill level 1 in Fighting
  1342 | D:2      | Reached skill level 1 in Armour
  1385 | D:2      | Found a faded altar of an unknown god.
  1422 | D:2      | Found an ornate altar of the Wu Jian Council.
  1783 | D:2      | Reached XP level 4. HP: 25/25 MP: 7/7
  2012 | D:3      | Found Kurab's Armour Shop.
  2047 | D:3      | Bought a +0 pair of boots for 49 gold pieces
  2149 | D:3      | Noticed a scorpion
  2322 | D:3      | Killed a scorpion
  2323 | D:3      | Reached XP level 5. HP: 19/30 MP: 3/9
  2632 | D:4      | Found an ancient bone altar of Kikubaaqudgha.
  2643 | D:4      | Noticed a phantom
  2650 | D:4      | Killed a phantom
  2651 | D:4      | Reached skill level 5 in Earth Magic
  2651 | D:4      | Reached XP level 6. HP: 33/36 MP: 4/10
  2829 | D:4      | Noticed Blork the orc
  2835 | D:4      | Killed Blork the orc
  2885 | D:4      | Found a staircase to the Ecumenical Temple.
  3469 | D:4      | Found a broken altar of Ashenzari.
  3642 | Temple   | Entered the Ecumenical Temple
  3862 | Temple   | Became a worshipper of the Shining One
  3883 | D:5      | Entered Level 5 of the Dungeon
  4067 | D:5      | Noticed a two-headed ogre
  4380 | D:4      | Reached XP level 7. HP: 4/41 MP: 10/12
  4705 | D:5      | Reached skill level 6 in Earth Magic
  4758 | D:5      | Found a shadowy altar of Dithmenos.
  4834 | D:5      | Reached XP level 8. HP: 16/48 MP: 10/14
  5062 | D:5      | Found a sparkling altar of Nemelex Xobeh.
  5305 | D:5      | Mangled by a two-headed ogre

Illustrated notes

Levels and vault maps discovered:
D:1:      minmay_arrival_loop, layout_loops_corners, minmay_tromino_v7
D:2:      layout_basic, basic_altar, shapermc_ecumenical_altar_mp_highgroup
D:3:      layout_rooms, serial_shops, nicolae_shop_tiny_waterfront
D:4:      layout_basic, ashenzari_altar_1, mainiacjoe_overflow_chevrons,
          temple_fountains, patterned_corridor, uniq_blork_the_orc
D:5:      cheibrodos_two_vegetables, layout_basic,
          nicolae_dithmenos_shadow_blocks, mainiacjoe_overflow_catwalk,
          st_stairs_4
Temple:   hellmonk_temple_flake

Skill      XL: |  1  2  3  4  5  6  7 |
---------------+----------------------+-----
Transmutations | 1 |  1.0
Earth Magic    | 4 5 6 |  6.6
Fighting       | 1 2 3 4 |  4.6
Armour         | 1 2 3 4 |  4.6
Spellcasting   | 3 4 |  4.5
Dodging        | |  1.7
Stealth        | |  2.4

Action                     |  1- 3 |  4- 6 |  7- 9 || total
---------------------------+-------+-------+-------++-------
  Melee: Club              |    21 |       |       ||    21
         Whip              |   104 |       |       ||   104
         Short sword       |    26 |   101 |       ||   127
         Flail             |       |    12 |    33 ||    45
         Punch             |       |     1 |       ||     1
  Throw: Boomerang         |     2 |       |       ||     2
   Cast: Sandblast         |    13 |    23 |    34 ||    70
    Use: Scroll            |       |     1 |       ||     1
   Stab: Sleeping          |       |     2 |       ||     2
 Armour: Robe              |    65 |    51 |    31 ||   147
  Dodge: Dodged            |   119 |    86 |    56 ||   261
